 Seeded DCSS version 0.30.1-9-gdf580d7c3d (webtiles) character file.

Game seed: 9106806156630997546 (custom seed)

2781 Psyclone the Thaumaturge (level 9, 60/60 HPs)
             Began as a Deep Elf Conjurer on Oct 9, 2023.
             Was an Initiate of Gozag.
             Quit the game on level 5 of the Dungeon.
             The game lasted 00:13:21 (5721 turns).

Psyclone the Thaumaturge (Deep Elf Conjurer)        Turns: 5721, Time: 00:13:21

Health: 60/60      AC:  6    Str:  4    XL:     9   Next: 43%
Magic:  25/25      EV: 19    Int: 28    God:    Gozag
Gold:   67         SH:  0    Dex: 13    Spells: 17/28 levels left

rFire   . . .        a - +9 mace of World Downfall {flame, Will+ SInv}
rCold   . . .        (no shield)
rNeg    . . .        D - +0 robe
rPois   +            u - +0 helmet
rElec   .            t - +0 cloak
rCorr   .            w - +0 pair of gloves
SInv    +            C - +0 pair of boots
Will    +....        (no amulet)
Stlth   ++           v - +5 ring of evasion
HPRegen 0.30/turn    n - ring of poison resistance
MPRegen 0.19/turn

%: no passive effects
@: no status effects
A: no striking features
a: Renounce Religion, Potion Petition, Call Merchant, Bribe Branch


You were on level 5 of the Dungeon.
You worshipped Gozag.
Gozag was noncommittal.
You visited 2 branches of the dungeon, and saw 6 of its levels.
You also visited: Sewer.

You collected 947 gold pieces.
You paid 880 gold pieces to Gozag.

Inventory:

Hand Weapons
 a - the +9 mace of World Downfall (weapon) {flame, Will+ SInv}
   (You found it on level 4 of the Dungeon)

   SInv:      It lets you see invisible.
   Will:      It increases your willpower.
Armour
 t - a +0 cloak (worn)
 u - a +0 helmet (worn)
 w - a +0 pair of gloves (worn)
 C - a +0 pair of boots (worn)
 D - a +0 robe (worn)
Jewellery
 n - a ring of poison resistance (right hand)
 v - a +5 ring of evasion (left hand)
 x - a ring of flight
Scrolls
 d - a scroll of fear {unknown}
 h - a scroll of enchant weapon {unknown}
 i - a scroll of blinking {unknown}
 l - 2 scrolls of teleportation {unknown}
 o - a scroll of noise {unknown}
 r - 3 scrolls of poison {unknown}
 s - 2 scrolls of enchant armour {unknown}
 y - a scroll of vulnerability {unknown}
 z - a scroll of fog {unknown}
 A - a scroll of brand weapon {unknown}
 B - a scroll of identify {unknown}
Potions
 b - 2 potions of magic
 c - a potion of haste {unknown}
 e - a potion of degeneration {unknown}
 f - a potion of invisibility {unknown}
 g - 5 potions of brilliance {unknown}
 j - 5 potions of curing
 k - a potion of berserk rage {unknown}
 m - a potion of lignification {unknown}
 p - 2 potions of might {unknown}
 q - 2 potions of attraction {unknown}


   Skills:
 + Level 8.9 Fighting
 * Level 5.1 Dodging
 - Level 2.4 Stealth
 - Level 10.0 Spellcasting
 + Level 8.8 Conjurations
 * Level 3.8 Hexes
 * Level 3.1 Translocations


You had 17 spell levels left.
You knew the following spells:

 Your Spells              Type           Power      Damage    Failure   Level
a - Magic Dart            Conj           100%       1d8       1%          1
b - Searing Ray           Conj           100%       2d8       1%          2
d - Fulminant Prism       Conj/Hex       24%        3d12      3%          4
e - Iskenderun's Mystic   Conj/Tloc      47%        2d10      3%          4

Your spell library contained the following spells:

 Spells                   Type           Power      Damage    Failure   Level
 Dazzling Flash           Conj/Hex       98%        N/A       1%          3
 Scorch                   Fire           28%        2d6       6%          2
 Flame Wave               Conj/Fire      38%        2d10      6%          4
 Summon Cactus Giant      Summ           7%         N/A       99%         6


Dungeon Overview and Level Annotations

Branches:
Dungeon (5/15) Zot: 22877  Temple (1/1) D:5 Zot: 5978   Sewer (visited)

Altars:
Dithmenos
Gozag
Hepliaklqana
Okawaru
Qazlal
Ru
Sif Muna
Trog
Uskayaw
Xom
Yredelemnul

Shops:
D:1 =   D:4 [   D:5 [


Message History

You regained 3 mp, and now have 9/25 mp.
Casting: Searing Ray (safe; 1% risk of failure)
Confirm with . or Enter, or press ? or * to list all spells.
Aiming: Magic Dart (safe; 1% risk of failure)
Press: ? - help, Shift-Dir - straight line, f - gnoll
Aim: a gnoll, wielding a +0 flail (wandering, hasn't noticed you, 100% to hit)
The magic dart hits the gnoll.
The gnoll is lightly wounded.
The gnoll shouts!
You now have 8/25 mp.
Casting: Magic Dart (safe; 1% risk of failure)
Confirm with . or Enter, or press ? or * to list all spells.
Aiming: Fulminant Prism (dangerous; 3% risk of failure)
Press: ? - help, Dir - move target, p - gnoll You conjure a prism of explosive energy!
A fulminant prism comes into view.
You now have 4/25 mp.
Your fulminant prism crackles loudly.
Your fulminant prism explodes!
The blast of energy engulfs the gnoll!!
You kill the gnoll!
You start resting.
Magic restored.
MP restored: 25 [a] 527 gold - Xiesokhli's Weapon Boutique [b] 558 gold - Luliarch's Antique Armour Shoppe [c] 793 gold - Angumn's Armour Emporium Fund which merchant?
You no longer have enough gold to petition Gozag for potion effects.
You no longer have enough gold to fund merchants seeking to open stores in the dungeon.
Angumn invites you to visit his Armour Emporium.
You can access your shopping list by pressing '$'.
Unknown command.
There is an entrance to Angumn's Armour Emporium here.
You can access your shopping list by pressing '$'.
Unknown command.
Unknown command.
Unknown command.
Unknown command.
Are you sure you want to abandon this character and quit the game? (Confirm with "yes".)

##.............# #.#
#..............###.#
#..###.............#
############..###...###.#######
.................>....#.#
........)..[......#.#.#.#
.###########..........#.#
#...............#.#
####...##....@.....#.#
#..................#.#
...#...#..$.......#.##### .
#.⌠.#................#
...###...###........#.###.#
#...........#..#.#.#.###.#####
#..⌠..>..[.......<.$..Y...Y..#
.............##...........##.##
##.###...###.##$#.....<..###.#


There were no monsters in sight!

Vanquished Creatures
  The ghost of Hapnad the Caller, a novice MfSu (D:4)
  Sigmund (D:3)
  6 yaks (D:5)
  An ogre (D:4)
  4 kobold brigands (Sewer)
  A bullfrog (D:4)
  A gnoll sergeant (D:5)
  3 scorpions
  A howler monkey (D:4)
  Crazy Yiuf (D:2)
  Jessica (D:2)
  Natasha (thrice) (D:3)
  5 orc wizards (D:5)
  Robin (D:2)
  2 gnolls (D:5)
  9 adders
  5 river rats
  A worm (D:2)
  2 dart slugs
  6 orcs (D:5)
  10 ball pythons
  5 bats
  5 endoplasms
  4 giant cockroaches
  22 goblins
  2 hobgoblins
  5 jackals
  10 kobolds
  A quokka (D:4)
  5 frilled lizards
  7 rats
131 creatures vanquished.

Vanquished Creatures (others)
  20 fulminant prisms
20 creatures vanquished.

Grand Total: 151 creatures vanquished

Notes
Turn   | Place    | Note
-------+----------+-------------------------------------------
     0 | D:1      | Psyclone the Deep Elf Conjurer began the quest for the Orb.
     0 | D:1      | Reached XP level 1. HP: 10/10 MP: 6/6
    28 | D:2      | Found a stormy altar of Qazlal.
   142 | D:2      | Reached XP level 2. HP: 15/15 MP: 5/8
   205 | D:2      | Learned a level 2 spell: Searing Ray
   206 | D:3      | Noticed Natasha
   229 | D:4      | Reached skill level 5 in Conjurations
   311 | D:5      | Entered Level 5 of the Dungeon
   336 | D:5      | Noticed a scorpion
   347 | D:5      | Killed a scorpion
   348 | D:5      | Reached XP level 3. HP: 17/19 MP: 2/9
   348 | D:5      | Reached XP level 4. HP: 21/24 MP: 2/10
   459 | D:5      | Found a staircase to the Ecumenical Temple.
   472 | D:5      | Noticed a yak
   474 | Temple   | Entered the Ecumenical Temple
   484 | Temple   | Became a worshipper of Gozag Ym Sagoz the Greedy
   495 | D:5      | Noticed a yak
   495 | D:5      | Noticed a yak
   566 | D:5      | Found a glowing drain.
   588 | Sewer    | Entered a sewer
   728 | Sewer    | Noticed a kobold brigand
   758 | Sewer    | Killed a kobold brigand
   759 | Sewer    | Reached XP level 5. HP: 20/28 MP: 2/11
  1004 | Sewer    | Reached XP level 6. HP: 22/32 MP: 7/12
  1058 | Sewer    | Reached skill level 9 in Spellcasting
  1058 | Sewer    | Reached XP level 7. HP: 48/50 MP: 11/22
  1459 | Sewer    | Reached skill level 10 in Spellcasting
  1936 | D:3      | Killed Natasha
  2196 | D:1      | Found Cetaas's Jewellery Emporium.
  2703 | D:2      | Noticed Jessica
  2705 | D:2      | Killed Jessica
  2769 | D:2      | Noticed Robin
  2789 | D:2      | Killed Robin
  3194 | D:2      | Found a runed translucent door.
  3195 | D:2      | Noticed Crazy Yiuf
  3200 | D:2      | Killed Crazy Yiuf
  3317 | D:3      | Noticed Natasha
  3321 | D:3      | Killed Natasha
  3396 | D:3      | Noticed Sigmund
  3406 | D:3      | Killed Sigmund
  3407 | D:3      | Reached XP level 8. HP: 38/55 MP: 17/24
  3576 | D:3      | You fall into a shaft and drop 1 floor!
  3611 | D:3      | Noticed Natasha
  3616 | D:3      | Killed Natasha
  4191 | D:4      | Learned a level 4 spell: Fulminant Prism
  4196 | D:4      | Learned a level 4 spell: Iskenderun's Mystic Blast
  4197 | D:4      | Found Haiphupu's Antique Armour Emporium.
  4367 | D:4      | Found a runed translucent door.
  4388 | D:4      | Noticed Hapnad's ghost (novice MfSu)
  4416 | D:4      | Killed Hapnad's ghost
  4417 | D:4      | Reached skill level 1 in Hexes
  4417 | D:4      | Reached skill level 1 in Translocations
  4726 | D:4      | Identified the +9 mace of World Downfall {flame, Will+
                  | SInv}
  5180 | D:5      | Reached XP level 9. HP: 60/60 MP: 4/25
  5476 | D:5      | Reached skill level 5 in Dodging
  5721 | D:5      | Quit the game

Illustrated notes

Levels and vault maps discovered:
D:1:      onia_arrival_mini_spirals, layout_loops_ring, serial_shops, shop
D:2:      layout_rooms, basic_altar, reono_crystal_passage, minmay_tetromino_l2,
          uniq_robin, uniq_jessica, uniq_crazy_yiuf_cottage
D:3:      layout_loops_ring, uniq_sigmund, uniq_natasha
D:4:      layout_rooms, ebering_ghost_sewer_d, nicolae_take_the_stairs,
          grunt_ministairs_6, ebering_dispersal_statue_hall,
          minmay_ogre_servants
D:5:      nicolae_cairo_tiling_large, layout_basic, slow_altar_2,
          minmay_temple_entry_junction_2, portal_sewer_entry_b
Temple:   nicolae_temple_bog_church

Skill      XL: |  1  2  3  4  5  6  7  8  9 |
---------------+----------------------------+-----
Conjurations   | 6 7 8 |  8.8
Fighting       | 8 |  8.9
Spellcasting   | 9 10 | 10.0
Dodging        | 3 4 5 |  5.1
Hexes          | 2 3 |  3.8
Translocations | 2 3 |  3.1
Stealth        | |  2.4

Action                     |  1- 3 |  4- 6 |  7- 9 || total
---------------------------+-------+-------+-------++-------
  Melee: Unarmed           |       |    10 |       ||    10
         Dagger            |       |       |    17 ||    17
         Punch             |       |       |     2 ||     2
         Mace              |       |       |     1 ||     1
   Cast: Magic Dart        |    13 |    15 |   102 ||   130
         Searing Ray       |     3 |    11 |    25 ||    39
         Fulminant Prism   |       |       |    20 ||    20
         Iskenderun's Myst |       |       |     2 ||     2
 Invoke: Call Merchant     |       |       |     1 ||     1
    Use: Potion            |       |     1 |       ||     1
 Armour: Robe              |       |       |     3 ||     3
  Dodge: Dodged            |    13 |     9 |    35 ||    57
